 Dungeon Crawl Stone Soup version 0.25.1-2-g60ff931df9 (webtiles) character file.

Game seed: 12145098987600385490

221063 Erymatos the Slayer (level 18, -14/185 HPs)
             Began as a Minotaur Berserker on Nov 10, 2020.
             Was a High Priest of Trog.
             Demolished by an acid blob (27 damage)
             ... on level 1 of the Pits of Slime.
             The game lasted 01:26:53 (41348 turns).

Erymatos the Slayer (Minotaur Berserker)           Turns: 41348, Time: 01:26:54

Health: -14/185    AC: 20    Str: 32    XL:     18   Next: 49%
Magic:  12/18      EV: 12    Int:  0    God:    Trog [*****.]
Gold:   820        SH:  0    Dex: 19    Spells: 18/18 levels left

rFire    x . .     SeeInvis .   V - +2 broad axe (vorpal)
rCold    . . .     Gourm    .   x - +3 tower shield "Zaaqij" {rF- rN+ Dex+4}
rNeg     + + .     Faith    .   k - +0 chain mail "Diarog" {Int-4 Slay+3 Stlth+} (curse)
rPois    .         Spirit   .   (helmet restricted)
rElec    +         Reflect  .   C - +0 cloak
rCorr    +         Harm     .   y - +1 pair of gloves {Str+3}
MR       ++...     NoCast   +   B - +0 pair of boots "Gepn" {-Cast rElec Str+4}
Stlth    ..........             (no amulet)
HPRegen  0.00/turn              t - ring of Wod New {rN+ rCorr}
MPRegen  0.16/turn              Y - ring of protection from magic

@: confused, non-regenerating, diseased, slowed, lost intelligence, very slow
A: retaliatory headbutt, horns 2
}: 1/15 runes: gossamer
a: Berserk, Trog's Hand, Brothers in Arms, Renounce Religion


You were on level 1 of the Pits of Slime.
You worshipped Trog.
Trog was extremely pleased with you.
You were not hungry.

You visited 8 branches of the dungeon, and saw 32 of its levels.

You collected 2191 gold pieces.
You spent 1371 gold pieces at shops.

Inventory:

Hand Weapons
 M - a +1 war axe of flaming
 V - a +2 vorpal broad axe (weapon)
Armour
 b - a +2 plate armour of fire resistance
 j - the +2 pair of boots of Proximity {Str+4}
   (You found it on level 15 of the Dungeon)

   It affects your strength (+4).
 k - the cursed +0 chain mail "Diarog" (worn) {Int-4 Slay+3 Stlth+}
   (You found it on level 2 of the Vaults)

   It affects your intelligence (-4).
   It affects your accuracy and damage with ranged weapons and melee attacks
   (+3).
   It makes you more stealthy.
   It has a curse placed upon it.
 l - the +1 chain mail of the Valley of Death {+Inv rPois Dex-3 SInv}
   (You took it off an orc warlord on level 15 of the Dungeon)

   It affects your dexterity (-3).
   It protects you from poison.
   It lets you see invisible.
   It lets you turn invisible.
 x - the +3 tower shield "Zaaqij" (worn) {rF- rN+ Dex+4}
   (You found it on level 14 of the Dungeon)

   It affects your dexterity (+4).
   It makes you vulnerable to fire.
   It protects you from negative energy.
 y - a +1 pair of gloves of strength (worn)
 B - the +0 pair of boots "Gepn" (worn) {-Cast rElec Str+4}
   (You bought it in a shop on level 2 of the Orcish Mines)

   It affects your strength (+4).
   It insulates you from electricity.
   It prevents spellcasting.
 C - a +0 cloak (worn)
 U - +0 fire dragon scales
 W - the +0 pair of boots "Esenk" {+Blink rC+ rCorr Str+4}
   (You found it on level 1 of the Lair of Beasts)

   It affects your strength (+4).
   It protects you from cold.
   It lets you blink.
   It provides partial protection from all sources of acid and corrosion.
Jewellery
 t - the ring of Wod New (left hand) {rN+ rCorr}
   (You took it off an orc knight on level 15 of the Dungeon)

   [ring of resist corrosion]

   It protects you from negative energy.
   It provides partial protection from all sources of acid and corrosion.
 Y - a ring of protection from magic (right hand)
Wands
 E - a wand of digging (4)
 F - a wand of polymorph (27)
 G - a wand of enslavement (15)
 J - a wand of flame (112)
 N - a wand of disintegration (32)
 S - a wand of clouds (5)
Scrolls
 a - 4 scrolls of vulnerability
 g - 8 scrolls of magic mapping
 i - 5 scrolls of fog
 m - 6 scrolls of remove curse
 n - 6 scrolls of teleportation
 u - a scroll of torment
 z - 2 scrolls of brand weapon
 A - a scroll of blinking
 D - 4 scrolls of identify
 H - a scroll of immolation
 K - a scroll of enchant armour {unknown}
 O - a scroll of random uselessness {unknown}
 Q - 2 scrolls of enchant weapon {unknown}
 T - 4 scrolls of fear {unknown}
Potions
 d - 4 potions of heal wounds
 e - 5 potions of haste
 f - 4 potions of ambrosia
 h - a potion of lignification
 o - 3 potions of stabbing
 p - 6 potions of flight
 r - 5 potions of resistance
 s - 10 potions of curing
 v - a potion of berserk rage
 w - a potion of mutation
 L - a potion of might
 P - 2 potions of magic
 R - 6 potions of cancellation
 X - a potion of invisibility
Comestibles
 c - 31 rations


   Skills:
 * Level 22.3 Fighting
 - Level 19.5 Axes
 + Level 1.3 Throwing
 + Level 17.9 Armour
 + Level 6.2 Dodging
 + Level 2.7 Stealth
 * Level 15.3 Shields
 + Level 1.4 Unarmed Combat
 + Level 0.8 Spellcasting
 + Level 1.1 Evocations


You had 18 spell levels left.
You didn't know any spells.
Your spell library was empty.

Dungeon Overview and Level Annotations

Branches:
Dungeon (15/15)            Temple (0/1) D:5            Lair (6/6) D:8
 Shoals (1/4) Lair:4       Spider (4/4) Lair:3        Slime (1/5) Lair:6
    Orc (2/2) D:12            Elf (1/3) Orc:2        Vaults (2/5) D:14
 Depths (0/5) D:15
  Crypt: Vaults:2-3

Altars:
Kikubaaqudgha
Beogh

Shops:
D:9 %   D:15 =*   Orc:2 %*:!

Annotations:
D:14 Roxanne


Innate Abilities, Weirdness & Mutations

You reflexively headbutt those who attack you in melee.
You have a pair of horns on your head.


Message History

You kill the eye of draining!
Trog accepts your kill.
You barely miss the acid blob. You slash the golden eye!
You kill the golden eye!
Trog accepts your kill.
You slash the large slime creature! You hit the acid blob.
Your hands burn!
* * * LOW HITPOINT WARNING * * *
The golden eye blinks at you.
You are more confused.
The golden eye blinks at you. You resist with some effort.
The acid blob hits you!
* * * LOW HITPOINT WARNING * * *
You are splashed with acid.
You resist.
* * * LOW HITPOINT WARNING * * *
The golden eye blinks at you. You resist with almost no effort.
The acid blob barely misses you.
A large slime creature splits.
The slime creature barely misses you. The golden eye blinks at you.
You resist with almost no effort. The acid blob hits you!!
You die...

## ... ##.#
.... #...
##.....
##..##.#.....
#............
#..<..#G....
#...JJ......
##.J@J......
#.GJG......
#............
#.........##..
##........# .
#.........
##..##....#
### ....#


You could see 2 acid blobs, 3 slime creatures and 3 golden eyes.

Vanquished Creatures
  Saint Roka (Vaults:1)
  Jorgrun (D:15)
  A vault warden (Vaults:1)
  6 ghost moths
  6 emperor scorpions (Spider:4)
  An orc warlord (D:15)
  The ghost of Geyn the Blocker, an adept GnFi of Xom (D:15)
  2 ironheart preservers (Vaults:1)
  5 entropy weavers
  3 very ugly things (Vaults:1)
  Nessos (D:14)
  A death ooze (Slime:1)
  Josephine (D:14)
  2 fire dragons (Vaults:1)
  A hydra (Lair:5)
  6 vault guards
  An ice dragon (Vaults:1)
  2 ghost crabs (Lair:3)
  A catoblepas (D:10)
  5 centaur warriors
  3 ogre magi
  14 two-headed ogres
  3 orc high priests (Orc:2)
  2 deep elf knights (Elf:1)
  4 fire crabs
  A sea snake (shapeshifter) (D:10)
  3 unseen horrors
  2 wolf spider zombies
  A glowing orange brain (Vaults:1)
  2 wizards
  4 harpies (Vaults:1)
  A necromancer (D:15)
  10 orc knights
  12 orb spiders
  6 deep elf magi
  26 wolf spiders
  31 ugly things
  5 orc sorcerers
  Maurice (D:11)
  3 cyclopes
  2 manticores
  5 elephants (Lair:6)
  A vault sentinel (Vaults:1)
  29 spiny frogs
  3 black mambas
  2 moths of wrath
  2 torpor snails
  4 komodo dragons
  2 naga magi (D:15)
  Maggie (D:8)
  A gargoyle (D:13)
  An apocalypse crab (Lair:3)
  3 rime drakes
  2 efreet (D:13)
  16 demonic crawlers
  A yaktaur (D:10)
  A tengu conjurer (D:14)
  5 tyrant leeches (Lair:6)
  8 trolls
  33 jumping spiders
  20 slime creatures
  9 hornets
  A polar bear (shapeshifter) (Vaults:1)
  A polar bear (Lair:6)
  A harpy skeleton (D:15)
  A snapping turtle (Lair:4)
  17 blink frogs
  Grinder (D:4)
  6 hippogriffs
  43 redbacks
  A shadow (D:15)
  36 yaks
  Grum (D:10)
  17 tarantellas
  2 wyverns
  10 humans (D:14)
  8 wraiths
  22 vampire mosquitoes
  3 golden eyes (Slime:1)
  2 basilisks
  A steam dragon (D:10)
  A redback simulacrum (D:15)
  An acid dragon (Vaults:1)
  A soldier ant (D:10)
  19 water moccasins
  9 porcupines
  3 sky beasts
  18 orc warriors
  9 ice beasts
  An eye of draining (Slime:1)
  13 boggarts
  10 ogres
  25 centaurs
  2 phantoms
  19 wolves
  9 crocodiles
  2 big kobolds
  33 bullfrogs
  A wyvern zombie (D:15)
  An earth elemental (Elf:1)
  A water moccasin skeleton (D:8)
  5 scorpions
  16 killer bees
  14 electric eels
  10 crimson imps
  8 centaur zombies
  5 jellies
  A quasit (D:8)
  2 bullfrog zombies (D:12)
  2 centaur skeletons
  10 hounds
  11 orc wizards
  12 orc priests
  A bullfrog skeleton (D:4)
  8 iguanas
  8 worker ants
  A killer bee zombie (D:9)
  A hound skeleton (D:8)
  A hound zombie (D:8)
  A worker ant zombie (D:5)
  19 adders
  9 gnolls
  4 shadow imps
  5 oozes
  2 adder zombies
  2 adder skeletons (D:7)
  4 worms
  4 dart slugs
  4 leopard geckos
  33 orcs
  6 giant cockroaches
  10 goblins
  9 hobgoblins
  17 jackals
  4 quokkas
  A ball python (D:1)
  5 bats
  9 frilled lizards
  A jackal skeleton (D:5)
  16 kobolds
  2 leopard gecko skeletons (D:7)
  A leopard gecko zombie (D:5)
  A quokka skeleton (D:9)
  7 rats
  A butterfly (Lair:6)
  7 fungi
  5 plants
990 creatures vanquished.

Vanquished Creatures (collateral kills)
  2 entropy weavers (Lair:3)
  A fire crab (Lair:3)
  An unseen horror (Vaults:1)
  A wolf spider (Spider:4)
  12 orb spiders
  2 demonic crawlers
  3 jumping spiders
  2 hornets (Spider:4)
  14 redbacks
  3 tarantellas
  A water moccasin (Lair:4)
  An orc warrior (Vaults:1)
  2 electric eels (Lair:4)
  An orc wizard (Vaults:1)
  2 orcs (D:15)
48 creatures vanquished.

Vanquished Creatures (others)
  An orb spider (Spider:4)
  A hornet (Spider:4)
  A boggart (Vaults:1)
  An orc wizard (D:11)
  A butterfly (Lair:6)
  12 fungi
  24 plants
41 creatures vanquished.

Grand Total: 1079 creatures vanquished

Notes
Turn   | Place    | Note
-------+----------+-------------------------------------------
     0 | D:1      | Erymatos the Minotaur Berserker began the quest for the
                  | Orb.
     0 | D:1      | Reached XP level 1. HP: 19/19 MP: 0/0
   406 | D:1      | Reached XP level 2. HP: 20/27 MP: 1/1
   592 | D:1      | Reached skill level 4 in Fighting
  1387 | D:2      | Reached ** piety under Trog
  1387 | D:2      | Reached XP level 3. HP: 33/34 MP: 2/2
  1903 | D:2      | Reached XP level 4. HP: 41/41 MP: 3/3
  2299 | D:3      | Reached skill level 5 in Axes
  2299 | D:3      | Reached XP level 5. HP: 37/47 MP: 4/4
  3093 | D:3      | Reached *** piety under Trog
  3253 | D:4      | Noticed an ogre
  3261 | D:4      | Killed an ogre
  3261 | D:4      | Reached XP level 6. HP: 5/55 MP: 5/5
  3261 | D:4      | HP: 4/82 [poisoned by a scorpion]
  3264 | D:4      | Reached skill level 5 in Fighting
  3267 | D:4      | HP: 1/56 [poisoned by a scorpion]
  3654 | D:4      | Noticed Grinder
  3674 | D:4      | Paralysed by Grinder for 2 turns
  3681 | D:4      | Killed Grinder
  3681 | D:4      | Reached skill level 5 in Armour
  3681 | D:4      | Reached XP level 7. HP: 42/61 MP: 6/6
  4442 | D:5      | Entered Level 5 of the Dungeon
  4896 | D:5      | Found a staircase to the Ecumenical Temple.
  5229 | D:6      | Reached XP level 8. HP: 66/70 MP: 7/7
  5315 | D:6      | Found an ancient bone altar of Kikubaaqudgha.
  5411 | D:6      | Reached **** piety under Trog
  5588 | D:6      | Reached skill level 6 in Fighting
  5944 | D:7      | Reached skill level 10 in Axes
  6306 | D:7      | Reached XP level 9. HP: 77/78 MP: 8/8
  6384 | D:7      | Reached skill level 7 in Fighting
  6853 | D:8      | Reached skill level 8 in Fighting
  7755 | D:8      | Found a staircase to the Lair.
  7771 | D:8      | Reached skill level 1 in Stealth
  8057 | D:8      | Noticed a two-headed ogre
  8070 | D:8      | Killed a two-headed ogre
  8070 | D:8      | Reached ***** piety under Trog
  8070 | D:8      | Reached XP level 10. HP: 90/90 MP: 9/9
  8141 | D:8      | Reached skill level 10 in Armour
  8415 | D:8      | Noticed Maggie
  8428 | D:8      | Killed Maggie
 10192 | D:9      | Reached skill level 9 in Fighting
 10511 | D:9      | Found Xibel's Food Shoppe.
 10823 | D:10     | Entered Level 10 of the Dungeon
 10856 | D:10     | Noticed a catoblepas
 10865 | D:10     | Killed a catoblepas
 10957 | D:10     | Reached skill level 1 in Shields
 11092 | D:10     | Noticed a sea snake
 11103 | D:10     | Killed a sea snake
 11103 | D:10     | Reached skill level 10 in Fighting
 11103 | D:10     | Reached XP level 11. HP: 99/99 MP: 10/10
 11388 | D:10     | Noticed a brown ugly thing
 11399 | D:10     | Killed a brown ugly thing
 11692 | D:10     | Noticed Grum
 11707 | D:10     | Killed Grum
 12398 | D:11     | Killed an unseen horror
 12945 | D:11     | Received a gift from Trog
 13104 | D:11     | Noticed a white ugly thing
 13114 | D:11     | Killed a white ugly thing
 13114 | D:11     | Reached skill level 11 in Fighting
 13305 | D:11     | Noticed Maurice
 13315 | D:11     | Killed Maurice
 13861 | D:12     | Noticed a deep elf mage
 13870 | D:12     | Killed a deep elf mage
 13889 | D:12     | Noticed a two-headed ogre
 13900 | D:12     | Killed a two-headed ogre
 14350 | D:12     | Found a staircase to the Orcish Mines.
 14394 | D:12     | Reached XP level 12. HP: 108/110 MP: 11/11
 14667 | D:13     | Reached skill level 15 in Axes
 15198 | D:13     | Reached skill level 5 in Shields
 15465 | D:13     | Noticed a centaur warrior
 15477 | D:13     | Killed a centaur warrior
 16236 | Lair:1   | Entered Level 1 of the Lair of Beasts
 16250 | Lair:1   | Received a gift from Trog
 16647 | Lair:1   | Got a pair of faintly glowing boots
 16658 | Lair:1   | Identified the +0 pair of boots "Esenk" {+Blink rC+ rCorr
                  | Str+4} (You found it on level 1 of the Lair of Beasts)
 17264 | Lair:2   | Reached skill level 12 in Fighting
 18660 | Lair:3   | Found a hole to the Spider Nest.
 18883 | Lair:3   | Reached XP level 13. HP: 119/119 MP: 12/12
 19187 | Lair:3   | Found a runed translucent door.
 19400 | Lair:3   | Noticed an entropy weaver
 19406 | Lair:3   | Killed an entropy weaver
 19792 | Lair:3   | Received a gift from Trog
 20051 | Lair:3   | Noticed an entropy weaver
 20057 | Lair:3   | Killed an entropy weaver
 20271 | Lair:3   | Noticed an entropy weaver
 20279 | Lair:3   | Killed an entropy weaver
 20279 | Lair:3   | Reached skill level 13 in Fighting
 20300 | Lair:3   | Noticed an entropy weaver
 20309 | Lair:3   | Killed an entropy weaver
 20454 | Lair:3   | Noticed an entropy weaver
 20469 | Lair:3   | Killed an entropy weaver
 21735 | Lair:4   | Reached skill level 15 in Armour
 22293 | Lair:4   | Found a staircase to the Shoals.
 22308 | Shoals:1 | Entered Level 1 of the Shoals
 24349 | Lair:6   | Entered Level 6 of the Lair of Beasts
 24714 | Lair:6   | Reached XP level 14. HP: 66/130 MP: 13/13
 25402 | Lair:6   | Reached skill level 14 in Fighting
 25458 | Lair:6   | Received a gift from Trog
 26046 | Lair:6   | Found a staircase to the Slime Pits.
 26884 | D:14     | Noticed Nessos
 27195 | D:14     | Killed Nessos
 27397 | D:14     | Reached skill level 15 in Fighting
 27669 | D:14     | Noticed Roxanne
 27725 | D:14     | Noticed Josephine
 27739 | D:14     | Killed Josephine
 27812 | D:14     | Found a gate to the Vaults.
 27819 | D:14     | Got a spiked tower shield
 27830 | D:14     | Identified the +3 tower shield "Zaaqij" {rF- rN+ Dex+4}
                  | (You found it on level 14 of the Dungeon)
 28187 | D:14     | Reached ****** piety under Trog
 28187 | D:14     | Received a gift from Trog
 28427 | Orc:1    | Entered Level 1 of the Orcish Mines
 28513 | Orc:2    | Entered Level 2 of the Orcish Mines
 28513 | Orc:2    | Found a staircase to the Elven Halls.
 28596 | Orc:2    | Reached skill level 16 in Fighting
 28598 | Orc:2    | Reached XP level 15. HP: 144/144 MP: 14/14
 29306 | Orc:2    | Found Calom's Distillery.
 29310 | Orc:2    | Found Larchuer's Assorted Antiques.
 29316 | Orc:2    | Found Boblun's Food Emporium.
 29318 | Orc:2    | Found Nustuone's Book Boutique.
 29507 | Orc:2    | Bought a pair of spiked boots for 266 gold pieces
 29517 | Orc:2    | Identified the cursed +0 pair of boots "Gepn" {-Cast rElec
                  | Str+4} (You bought it in a shop on level 2 of the Orcish
                  | Mines)
 29520 | Orc:2    | Bought a potion of curing for 36 gold pieces
 29520 | Orc:2    | Bought a potion of cancellation for 96 gold pieces
 29520 | Orc:2    | Bought a potion of curing for 36 gold pieces
 29520 | Orc:2    | Bought a potion of curing for 36 gold pieces
 29520 | Orc:2    | Bought a potion of experience for 600 gold pieces
 29520 | Orc:2    | Bought 2 potions of haste for 240 gold pieces
 29520 | Orc:2    | Bought a potion of curing for 36 gold pieces
 29520 | Orc:2    | Reached skill level 1 in Throwing
 29520 | Orc:2    | Reached skill level 1 in Unarmed Combat
 29520 | Orc:2    | Reached skill level 1 in Evocations
 29520 | Orc:2    | Reached XP level 16. HP: 152/152 MP: 14/16
 29523 | Orc:2    | Bought a metallic silvery potion for 25 gold pieces
 29740 | D:15     | Entered Level 15 of the Dungeon
 29759 | D:15     | Noticed Jorgrun
 29766 | D:15     | Killed Jorgrun
 29788 | D:15     | Reached skill level 17 in Fighting
 30307 | D:15     | Found Taudu's Jewellery Shop.
 30493 | D:15     | Found Qeestah's General Store.
 30497 | D:15     | Found a runed translucent gate.
 30497 | D:15     | Found a runed translucent gate.
 30502 | D:15     | Found a runed translucent gate.
 30502 | D:15     | Identified the +1 chain mail of the Valley of Death {+Inv
                  | rPois Dex-3 SInv}
 30502 | D:15     | Noticed Geyn's ghost (adept GnFi)
 30503 | D:15     | Found a roughly hewn altar of Beogh.
 30503 | D:15     | Identified the ring of Wod New {rN+ rCorr}
 30664 | D:15     | Found a staircase to the Depths.
 30669 | D:15     | Received a gift from Trog
 30695 | D:15     | Identified a scroll of acquirement
 30711 | D:15     | Acquired a manual of Fighting
 30956 | D:15     | Killed Geyn's ghost
 30956 | D:15     | Reached skill level 18 in Fighting
 30978 | D:15     | Got a pair of encrusted boots
 30989 | D:15     | Identified the +2 pair of boots of Proximity {Str+4} (You
                  | found it on level 15 of the Dungeon)
 31326 | Spider:1 | Entered Level 1 of the Spider Nest
 32870 | Spider:2 | Reached skill level 19 in Fighting
 32941 | Spider:2 | Reached skill level 5 in Dodging
 33248 | Spider:2 | Reached XP level 17. HP: 134/168 MP: 17/17
 34357 | Spider:3 | Received a gift from Trog
 34422 | Spider:3 | Reached skill level 10 in Shields
 34531 | Spider:4 | Entered Level 4 of the Spider Nest
 34539 | Spider:4 | Reached skill level 20 in Fighting
 35891 | Spider:4 | Got a gossamer rune of Zot
 37289 | Vaults:1 | Entered Level 1 of the Vaults
 37400 | Vaults:1 | Reached skill level 21 in Fighting
 38144 | Vaults:1 | Reached XP level 18. HP: 141/182 MP: 18/18
 38691 | Vaults:1 | Noticed Saint Roka
 39574 | Vaults:1 | Received a gift from Trog
 39610 | Vaults:1 | Killed Saint Roka
 39610 | Vaults:1 | Reached skill level 22 in Fighting
 39896 | Vaults:1 | Reached skill level 15 in Shields
 40387 | Vaults:2 | Got an ichor-stained chain mail
 40405 | Vaults:1 | Identified the cursed +0 chain mail "Diarog" {Int-4 Slay+3
                  | Stlth+} (You found it on level 2 of the Vaults)
 40405 | Vaults:1 | Lost intelligence.
 40791 | Elf:1    | Entered Level 1 of the Elven Halls
 41332 | Slime:1  | Entered Level 1 of the Pits of Slime
 41348 | Slime:1  | Demolished by an acid blob

Illustrated notes

Levels and vault maps discovered:
D:1:      mushboom_english_gardens, layout_basic, minmay_misc_feat_cross
D:2:      layout_basic, first_ration
D:3:      layout_basic, hangedman_abyss_or_decor_lesser_grid
D:4:      minmay_clustersquares, layout_rooms, kennysheep_generic_room_10,
          uniq_grinder
D:5:      layout_gridville, minmay_temple_entry_large_hall
D:6:      layout_loops_ring, nicolae_overflow_crystal_walls
D:7:      minmay_bubble_buster, layout_cave_pools
D:8:      layout_cave_pools, erik_lair_island, serial_rivers,
          chequers_serial_rivers_marsh, chequers_serial_rivers_marsh,
          chequers_serial_rivers_micro_b, chequers_serial_rivers_small_a,
          chequers_serial_rivers_micro_e, uniq_maggie
D:9:      layout_long_grid, serial_shops, shop
D:10:     minmay_the_grid_net [minmay_the_grid_fan, minmay_the_grid_paths,
          minmay_the_grid_stretched_grid, minmay_the_grid_diamond_grid,
          minmay_the_grid_square_x, minmay_the_grid_prize_trominoes],
          layout_long_grid, uniq_grum
D:11:     layout_roguey, uniq_maurice
D:12:     layout_loops_cross, orc_0_dummy
D:13:     layout_loops_cross
D:14:     layout_rooms, ximxim_vaults_locker_room, hangedman_decor_peaks_small,
          grunt_livestock, minmay_misc_feat_alley, uniq_nessos, uniq_josephine,
          uniq_roxanne
D:15:     grunt_enter_depths_magical_seal, layout_irregular_city,
          biasface_ghost_orc_armoury, serial_shops,
          nicolae_shop_window_shopping, shop, uniq_jorgrun
Lair:1:   layout_long_grid, grunt_megastairs_4
Lair:2:   layout_hall_layers, beast_lair_carwin_3, grunt_megastairs_1,
          infiniplex_staircase_pool
Lair:3:   gammafunk_mikee_crab_dinner, layout_gridlike,
          spider_nest_entry_rubble, serial_bayou_shore_a, serial_bayou_shore_b
Lair:4:   layout_cave_pods, minmay_shoals_entry_hut, grunt_forest_stairs_basic,
          serial_bayou_lake_a
Lair:5:   layout_roguey
Lair:6:   minmay_lair_end_frog_pond, layout_misc_corridors,
          nicolae_slime_entry_slimehenge, kilobyte_rumbling_trees,
          lemuel_fruit_fields
Shoals:1: layout_shoals, ldierk_geyser, nicolae_shoals_undead_eyrie
Spider:1: layout_spider_delve, drop_trap
Spider:2: layout_spider_delve
Spider:3: layout_spider_delve
Spider:4: guppyfry_spider_rune
Slime:1:  layout_caves
Orc:1:    layout_diamond_mine, basic_altar
Orc:2:    st_orc_elflike, layout_caves
Elf:1:    layout_geoelf_grid, minmay_elf_demonology, hex_medium,
          grunt_ministairs_3, einodemon_armed_red_devil_minivault, uniq_azrael
Vaults:1: nicolae_vaults_mini_display_case, vaults_mumra_chevron,
          vaults_mumra_minichess_inversion, v_alt_pattern_1,
          ontoclasm_vaults_pinch, grunt_vaults_trifunnel,
          ontoclasm_vaults_claustrophobia, dpeg_vaults_monster_box,
          nicolae_vaults_big_angled_halls, hangedman_vaults_restitches,
          layout_vaults_chaotic_city, uniq_saint_roka
Vaults:2: biasface_vaults_ghost_orc_armoury, minmay_crypt_entry_necro_gods,
          ontoclasm_vaults_bender, vaults_dpeg_hooks, hangedman_vaults_stagger,
          hangedman_vaults_stretched_pinwheel, v_misc_33, st_lines, v_pattern_5,
          nicolae_vaults_what_the_h, v_misc_8, ontoclasm_vaults_misaligned,
          nicolae_vaults_gold_heap, vaults_mumra_hex, layout_vaults_ring,
          serial_shops, shop, shop, nicolae_shop_temple_entry_statues_fountains,
          uniq_xtahua

Skill      XL: |  1  2  3  4  5  6  7  8  9 10 11 12 13 14 15 16 17 18 |
---------------+-------------------------------------------------------+-----
Axes           | 4 5 6 7 8 10 12 13 14 16 17 18 19 | 19.5
Fighting       | 4 5 6 8 10 11 12 13 16 19 21 22 | 22.3
Armour         | 3 4 5 6 7 9 11 12 13 15 16 17 | 17.9
Stealth        | 1 2 |  2.7
Dodging        | 3 4 5 6 |  6.2
Shields        | 1 4 5 6 8 14 15 | 15.3
Throwing       | 1 |  1.3
Unarmed Combat | 1 |  1.4
Evocations     | 1 |  1.1
Spellcasting   | |  0.8

Action                   |  1- 3 |  4- 6 |  7- 9 | 10-12 | 13-15 | 16-18 || total
-------------------------+-------+-------+-------+-------+-------+-------++-------
Melee: Hand axe          |    71 |   151 |   325 |    52 |       |       ||   599
       Headbutt          |    14 |    27 |    71 |   147 |   175 |   297 ||   731
       War axe           |       |       |       |   506 |    44 |       ||   550
       Broad axe         |       |       |       |       |   602 |   937 ||  1539
Invok: Berserk           |       |     2 |     4 |    11 |    11 |     8 ||    36
       Trog's Hand       |       |     1 |     2 |       |     1 |     9 ||    13
       Brothers in Arms  |       |       |       |       |     4 |    16 ||    20
  Use: Scroll            |       |       |     4 |     8 |     8 |    12 ||    32
       Potion            |       |       |       |       |     1 |     3 ||     4
 Stab: Sleeping          |     2 |       |       |       |       |       ||     2
  Eat: Chunk             |     3 |     7 |    19 |    26 |    21 |    21 ||    97
       Ration            |       |       |       |     5 |     7 |    11 ||    23
Armor: Animal skin       |     2 |       |       |       |       |       ||     2
       Plate armour      |    24 |    81 |   224 |   387 |   269 |    41 ||  1026
       Chain mail        |       |       |       |       |       |   326 ||   326
       Fire dragon scale |       |       |       |       |       |    51 ||    51
Dodge: Dodged            |    37 |    45 |   119 |   204 |   178 |   282 ||   865
Block: Buckler           |       |       |       |    91 |   104 |       ||   195
       Tower shield      |       |       |       |       |    92 |  1061 ||  1153
